 Dungeon Crawl Stone Soup version 0.17-a0-1093-g0b3cd89 (webtiles) character file.

188 halfnothing the Poker (level 5, -3/61 HPs)
             Began as a Demonspawn Berserker on May 20, 2015.
             Was a Believer of Trog.
             Killed from afar by an orc wizard (10 damage)
             ... with a puff of frost
             ... on level 3 of the Dungeon.
             The game lasted 00:07:28 (1940 turns).

halfnothing the Poker (Demonspawn Berserker)        Turns: 1940, Time: 00:07:29

Health: -3/61      AC:  8    Str: 23    XL:     5   Next: 39%
Magic:  5/5        EV: 11    Int:  9    God:    Trog [**....]
Gold:   108        SH:  0    Dex: 12    Spells: 0 memorised, 4 levels left

rFire  . . .     SeeInvis .     h - +0 trident
rCold  . . .     Clarity  .     g - +0 ring mail
rNeg   . . .     SustAb   .     (no shield)
rPois  .         Gourm    .     (no helmet)
rElec  .         Spirit   .     (no cloak)
rCorr  .         Warding  .     (no gloves)
rMut   .         Stasis   .     i - +0 pair of boots
MR     .....                    (no amulet)
Stlth  ..........               (no ring)
                                (no ring)

@: berserking, very quick, not resistant to hostile enchantments, extremely
unstealthy
A: hooves 2, yellow scales 1
a: Burn Spellbooks, Berserk, Trog's Hand, Renounce Religion


You were on level 3 of the Dungeon.
You worshipped Trog.
Trog was pleased with you.
You were not hungry.

You visited 1 branch of the dungeon, and saw 3 of its levels.

You collected 108 gold pieces.

Inventory:

Hand weapons
 a - a +0 spear
 h - a +0 trident (weapon)
Armour
 b - a +0 animal skin
 g - a +0 ring mail (worn)
 i - a +0 pair of boots (worn)
Magical devices
 m - a wand of digging (12)
Scrolls
 e - 2 scrolls of fog {unknown}
 f - 5 scrolls of identify {unknown}
Potions
 d - a potion of poison {unknown}
 k - a potion of invisibility {unknown}
 n - a potion of lignification {unknown}
Comestibles
 c - 3 bread rations
 j - a beef jerky
 l - 4 chunks of flesh


   Skills:
 - Level 3.0 Fighting
 + Level 5.6 Polearms
 - Level 1.7 Armour
 - Level 1.7 Dodging


You had 4 spell levels left.
You didn't know any spells.

Dungeon Overview and Level Annotations

Branches:
Dungeon (3/15)

Altars:
Trog


Innate Abilities, Weirdness & Mutations

You have hoof-like feet.
You are partially covered in yellow scales (AC +2).


Message History

The orc priest hits you with a short sword.
* * * LOW HITPOINT WARNING * * *
The orc wizard points at you and mumbles some strange words.
The puff of frost misses you.
Use which ability? (? or * to list)
A red film seems to cover your vision as you go berserk!
You feel yourself moving faster!
You feel mighty!
You feel somewhat more hungry.
The orc priest hits you but does no damage.
The orc wizard misses you.
You puncture the orc priest!
You kill the orc priest!
Trog accepts your kill. The orc wizard closely misses you.
The bat hits you but does no damage.
You puncture the bat!
You kill the bat!
Trog accepts your kill. The orc wizard casts a spell at you.
The puff of frost hits you!
You die...

##### #...#
.... ...
#.# ##)##
#[@o#
#.####.#.#
.........#
.###.#.##
#.#.# ###
#.#.#
#...###.#.#
#..<....#
#.#.###.#.#


You could see an orc wizard.

Vanquished Creatures
  An orc priest (D:3)
  Terence (D:2)
  Natasha (thrice) (D:2)
  A worker ant zombie (D:3)
  4 adders
  An ooze (D:2)
  2 giant geckos
  An orc (D:3)
  2 ball pythons
  6 bats
  2 giant cockroaches
  3 goblins
  5 hobgoblins
  5 jackals (D:1)
  5 giant newts
  7 kobolds
  2 rats (D:1)
51 creatures vanquished.

Vanquished Creatures (others)
  A giant newt (D:2)
1 creature vanquished.

Grand Total: 52 creatures vanquished

Notes
Turn   | Place    | Note
--------------------------------------------------------------
     0 | D:1      | halfnothing the Demonspawn Berserker began the quest for the Orb.
     0 | D:1      | Reached XP level 1. HP: 18/18 MP: 1/1
   186 | D:1      | Gained mutation: You have large cloven feet. [demonic ancestry]
   186 | D:1      | Reached XP level 2. HP: 16/24 MP: 2/2
   726 | D:1      | Acquired Trog's second power
   919 | D:2      | Reached XP level 3. HP: 26/29 MP: 3/3
   930 | D:2      | Noticed Terence
   931 | D:2      | Noticed Natasha
   942 | D:2      | Killed Natasha
   942 | D:2      | Reached skill level 4 in Polearms
   951 | D:2      | Killed Terence
   951 | D:2      | Gained mutation: You have hoof-like feet. [demonic ancestry]
   951 | D:2      | Reached XP level 4. HP: 22/35 MP: 4/4
  1027 | D:2      | Noticed Natasha
  1031 | D:2      | Killed Natasha
  1116 | D:2      | Reached skill level 5 in Polearms
  1618 | D:2      | Found a bloodstained altar of Trog.
  1761 | D:2      | Noticed Natasha
  1765 | D:2      | Killed Natasha
  1901 | D:3      | Gained mutation: You are partially covered in yellow scales (AC +2). [demonic ancestry]
  1901 | D:3      | Reached XP level 5. HP: 36/41 MP: 5/5
  1940 | D:3      | Killed from afar by an orc wizard

Vault maps used:
D:1:      dpeg_arrival_rhombus
D:2:      trog_book, uniq_natasha, uniq_terence
D:3:      fedhas_altar_fruit_tree, kiku_gazebo_garden_becter, first_bread

Action                   |  1- 3 |  4- 6 || total
-------------------------+-------+-------++-------
Melee: Spear             |   131 |       ||   131
       Trident           |       |   120 ||   120
Invok: Berserk           |     1 |     1 ||     2
       Trog's Hand       |       |     1 ||     1
  Use: Potion            |       |     1 ||     1
  Eat: Chunk             |       |     5 ||     5
